 Dungeon Crawl Stone Soup version 0.23.0-3-gf3c87f2 (webtiles) character file.

Game seed: 10925071330003546874

170 CanOfBees the Sneak (level 5, -2/24 HPs)
             Began as a Spriggan Enchanter on Feb 24, 2019.
             Killed by nerve-wracking pain
             ... invoked by a shadow imp
             ... summoned by Natasha
              (7 damage)
             ... on level 3 of the Dungeon.
             The game lasted 00:11:15 (5386 turns).

CanOfBees the Sneak (Spriggan Enchanter)            Turns: 5386, Time: 00:11:15

Health: -2/24      AC:  2    Str:  4    XL:     5   Next: 25%
Magic:  8/12       EV: 18    Int: 18    God:
Gold:   153        SH:  0    Dex: 16    Spells: 9/12 levels left

rFire    . . .     SeeInvis +   a - +1 dagger
rCold    . . .     Gourm    .   (shield restricted)
rNeg     + . .     Faith    .   b - +0 robe
rPois    .         Spirit   .   (helmet restricted)
rElec    .         Reflect  .   (no cloak)
rCorr    .         Harm     .   (gloves unavailable)
MR       +....                  (boots unavailable)
Stlth    +++.......             (no amulet)
HPRegen  0.08/turn              c - ring of protection from magic
MPRegen  0.13/turn              n - ring of positive energy

@: very slightly contaminated, very quick
A: very small, unfitting armour, see invisible, herbivore, speed 3, slow
metabolism 2
a: no special abilities


You were on level 3 of the Dungeon.
You were very hungry.

You visited 1 branch of the dungeon, and saw 3 of its levels.

You collected 153 gold pieces.

Inventory:

Hand Weapons
 a - a +1 dagger (weapon)
Missiles
 f - 8 poisoned needles
 h - 65 stones (quivered)
 j - 28 arrows
 r - a throwing net
Armour
 b - a +0 robe (worn)
Jewellery
 c - a ring of protection from magic (left hand)
 n - a ring of positive energy (right hand)
Scrolls
 e - a scroll of remove curse
 k - a scroll of noise {unknown}
 m - 2 scrolls of enchant weapon {unknown}
 o - 2 scrolls of identify {unknown}
 p - a scroll of blinking {unknown}
 u - a scroll of fear {unknown}
Potions
 g - a potion of degeneration {unknown}
 i - a potion of cancellation {unknown}
 l - a potion of agility
 q - 2 potions of might {unknown}
 s - a potion of curing
 t - a potion of mutation {unknown}
Comestibles
 d - 4 rations


   Skills:
 + Level 3.2 Short Blades
 - Level 3.0 Dodging
 + Level 6.6 Stealth
 - Level 4.0 Spellcasting
 - Level 4.0 Hexes


You had 9 spell levels left.
You knew the following spells:

 Your Spells              Type           Power        Failure   Level  Hunger
a - Corona                Hex            ###....      2%          1    None
b - Ensorcelled Hibernat  Hex/Ice        ##....       10%         2    ##.....

Your spell library contained the following spells:

 Spells                   Type           Power        Failure   Level  Hunger
 Confuse                  Hex            ###.....     9%          3    ###....
 Tukima's Dance           Hex            ###.....     9%          3    ###....
 Dazzling Spray           Conj/Hex       ##....       19%         3    ###....


Dungeon Overview and Level Annotations

Branches:
Dungeon (3/15)

Altars:
Elyvilon

Annotations:
D:3 3 runed translucent doors, Fernandocris's ghost, amateur MfGl; Natasha


Innate Abilities, Weirdness & Mutations

You are very small and have problems with some larger weapons.
You are too small for most types of armour.
You have supernaturally acute eyesight. (SInv)
You are a herbivore.
You cover ground extremely quickly.
You need to consume almost no food.


Message History

You barely miss Natasha. Natasha barely misses you.
Casting: Ensorcelled Hibernation (safe; 10% risk of failure)
Confirm with . or Enter, or press ? or * to list all spells.
Aiming: Ensorcelled Hibernation (safe; 10% risk of failure)
Press: ? - help, Shift-Dir - straight line, f/p - Natasha
Aim: Natasha (chance to defeat MR: 41%) Natasha resists with some effort.
Natasha stares at you and mumbles some strange words.
The magic dart hits you!
* * * LOW HITPOINT WARNING * * *
Fernandocris's ghost keens inconsolably.
You hit Natasha but do no damage. Natasha misses you.
You barely miss Natasha. Natasha claws you.
* * * LOW HITPOINT WARNING * * *
Natasha casts a spell.
Natasha mumbles some strange words.
There is a stone staircase leading up here.
The shadow imp gestures at you. Pain shoots through your body!
You die...

############ ##..........##
##......@...)[##
#..............#
########..............#
..#.#..#...........<..#
##.)?..##.....>........#
#.......#..55..........#
##....Z##.h...........####
#...W.ZZ#................#
###+++###).####.########.##


You could see Natasha, a white imp and a shadow imp.

Vanquished Creatures
  Natasha (D:3)
  6 adders
  2 worms
  A dart slug (D:2)
  4 leopard geckos (D:2)
  4 orcs (D:3)
  A giant cockroach (D:2)
  9 goblins
  13 hobgoblins
  7 jackals
  A ball python (D:2)
  3 bats
  3 frilled lizards
  7 kobolds
  9 rats
71 creatures vanquished.

Notes
Turn   | Place    | Note
-------+----------+-------------------------------------------
     0 | D:1      | CanOfBees the Spriggan Enchanter began the quest for the
                  | Orb.
     0 | D:1      | Reached XP level 1. HP: 9/9 MP: 5/5
   703 | D:1      | Reached XP level 2. HP: 4/13 MP: 3/6
   916 | D:1      | Learned a level 2 spell: Ensorcelled Hibernation
  1972 | D:2      | Reached skill level 5 in Stealth
  2352 | D:1      | Reached XP level 3. HP: 6/16 MP: 3/8
  4140 | D:2      | Reached XP level 4. HP: 12/21 MP: 1/10
  4740 | D:3      | Reached skill level 6 in Stealth
  4780 | D:3      | Found a white marble altar of Elyvilon.
  4930 | D:3      | Found a runed translucent gate.
  4930 | D:3      | Found a runed translucent gate.
  4930 | D:3      | Found a runed translucent gate.
  4930 | D:3      | Noticed Fernandocris's ghost (amateur MfGl)
  4954 | D:3      | Noticed Natasha
  4956 | D:3      | Killed Natasha
  4956 | D:3      | Reached XP level 5. HP: 24/24 MP: 12/12
  5350 | D:3      | Noticed Natasha
  5386 | D:3      | Killed from afar by a shadow imp

Skill      XL: |  1  2  3  4 |
---------------+-------------+-----
Spellcasting   | 3 4 |  4.0
Hexes          | 4 |  4.0
Stealth        | 5 6 |  6.6
Short Blades   | 2 3 |  3.2
Dodging        | |  3.0

Action                   |  1- 3 |  4- 6 || total
-------------------------+-------+-------++-------
Melee: Dagger            |   136 |    59 ||   195
Throw: Stone             |    18 |     6 ||    24
 Cast: Corona            |    14 |       ||    14
       Ensorcelled Hiber |    37 |    26 ||    63
  Use: Potion            |     4 |       ||     4
       Scroll            |     1 |       ||     1
 Stab: Sleeping          |    23 |    23 ||    46
  Eat: Ration            |     1 |     1 ||     2
Armor: Robe              |    11 |     3 ||    14
Dodge: Dodged            |   130 |    46 ||   176
